[Event "XII Cracow ICC-A 2024"]
[Site "Krakow"]
[Date "2024.06.25"]
[Round "5.11"]
[White "Chatalbashev, Boris"]
[Black "Mahitosh Dey"]
[Result "0-1"]
[ECO "A05"]
[WhiteElo "2483"]
[BlackElo "2232"]
[Annotator "TA"]
[PlyCount "128"]
[EventDate "2024.06.20"]
[EventType "swiss"]
[EventCountry "POL"]
[SourceTitle "playchess.com"]
[Source "ChessBase"]
[SourceQuality "1"]
[TimeControl "40/5400+30:1800+30"]

1. Nf3 d5 2. g3 Nf6 3. Bg2 g6 4. c4 dxc4 5. Qa4+ Nbd7 6. Qxc4 Bg7 7. d4 Nb6 8. Qb3 Be6 9. Qd1 c5 10. Nc3 Nfd5 11. O-O cxd4 12. Nxd4 Nxc3 13. bxc3 Bd5 14. e4 Bc4 15. Re1 e5 16. Nc2 O-O 17. Ne3 Qxd1 18. Rxd1 Rfd8 19. Rxd8+ Rxd8 20. a4 Be6 21. a5 Nc4 22. Nd5 f5 23. Bg5 Rd7 24. Nf6+ Bxf6 25. Bxf6 Kf7 26. Bg5 Nxa5 27. exf5 gxf5 (27... Bxf5 $5 28. f4 (28. Rxa5 Rd1+ 29. Bf1 Bh3) 28... b6 $15) 28. f4 (28. Rxa5 $11 Rd1+ 29. Bf1) 28... Nb3 $17 29. Rxa7 e4 30. Bf1 (30. h3 $142) 30... Nd2 ({Black should try} 30... h6 $1 $17 31. Bh4 (31. Bxh6 $2 e3 $19) 31... e3) 31. Bb5 Nf3+ 32. Kf2 Rd2+ 33. Ke3 Bd5 $1 34. Be2 ({Better is} 34. h3 $15) 34... Rc2 $19 35. Ra3 Nxh2 36. Ra5 Ke6 (36... Rxc3+ 37. Kd2 Rxg3 38. Rxd5 $18) 37. Rc5 Kd6 (37... Nf3 $1 $19 {White must now prevent ...Kd6.} 38. Rc8 Bc6 39. Bc4+ Kd7 40. Rd8+ Kc7) 38. Rc8 (38. Be7+ $1 $15 Kxe7 39. Rxd5) 38... Be6 $1 $19 39. Rd8+ Kc6 40. Bf6 (40. Be7 $17 Kc7 (40... Rxc3+ 41. Kd2 $16) 41. Bf6) 40... b5 $19 41. Re8 $2 (41. Rd2 Rxd2 42. Kxd2) 41... Bc4 $19 42. Bh5 Nf1+ 43. Kd4 Nxg3 44. Rc8+ Kb7 45. Rh8 Nxh5 46. Rxh7+ Kc6 47. Rxh5 Rd2+ 48. Ke5 Rd5+ 49. Ke6 e3 50. Bh4 e2 51. Rxf5 Rd1+ 52. Kf6 e1=Q 53. Bg3 {[#]} Qf2 $2 (53... Rd6+ $3 54. Kg7 Qe7+ (54... Qxg3+ {gets mated.} 55. Rg5 Rd7+ 56. Kg6 Bd3+ 57. f5 Qd6+ 58. Kh5 Rh7+ 59. Kg4 Be2#) 55. Rf7 Qxf7+ 56. Kh8 Rh6#) 54. Bxf2 $14 Re1 $2 (54... Rd5 $14) 55. Rh5 $2 (55. Bxe1 Kd6 56. Re5 Bg8 57. f5 (57. Rxb5 Bh7 $18) 57... Bd5 58. Rxd5+ Kxd5 59. Kg6 Ke4 60. f6) 55... Re3 $2 (55... Re4 $16) 56. f5 $2 (56. Bxe3 {mates} Kd7 57. Rc5 (57. Rh7+ Kd6 $18) 57... Be6 58. f5 (58. Rxb5 Bg4 59. Rc5 Bf3 60. f5 Be4 61. Bf4 Bd3 62. Rc7+ Ke8) 58... Bc4 59. Kg7 Be6 60. fxe6+ Kxe6 61. Rxb5) 56... Rxc3 $11 57. Ke5 Rd3 58. Rh8 Rd5+ 59. Kf4 Rd7 60. f6 b4 61. Rb8 b3 62. Ke5 Rb7 63. Rc8+ Kb5 64. Kd4 $2 {[%emt 0:00:05][%mdl 8192] [#]} (64. Bd4 $11) 64... b2 $1 0-1

[Event "XII Cracow ICC-A 2024"]
[Site "Krakow"]
[Date "2024.06.25"]
[Round "5.12"]
[White "Kutowski, Marcel"]
[Black "Nguyen, Piotr"]
[Result "1/2-1/2"]
[ECO "B32"]
[WhiteElo "2230"]
[BlackElo "2426"]
[Annotator "RC"]
[PlyCount "131"]
[EventDate "2024.06.20"]
[EventType "swiss"]
[EventCountry "POL"]
[SourceTitle "playchess.com"]
[Source "ChessBase"]
[SourceQuality "1"]
[TimeControl "40/5400+30:1800+30"]

1. e4 c5 2. Nf3 a6 3. c4 Nc6 4. d4 cxd4 5. Nxd4 e5 6. Nc2 Bc5 7. Be3 Bxe3 8. Nxe3 d6 9. Nc3 Nge7 10. Bd3 O-O 11. O-O Nd4 12. Kh1 Bd7 13. b4 Rc8 14. Ne2 Ne6 15. Bc2 Bc6 16. a4 b5 17. cxb5 axb5 18. axb5 Bxb5 19. Bd3 Bc6 20. Rc1 Rb8 21. Qd2 Qb6 22. Rb1 Rbd8 23. Nc4 Qb8 24. b5 Ba8 25. Qb4 Nc5 26. Bc2 Nxe4 27. Nxe5 Nf6 28. Nc4 Rfe8 29. Nd4 Ng4 30. Nd2 Nd5 31. Qa3 Qb6 32. Qd3 g6 33. N2f3 Rc8 34. Bb3 Nc3 35. Rbc1 Ne4 36. Rc2 Nc5 37. Qc4 Nxb3 38. Qxb3 Rxc2 39. Qxc2 Bxf3 40. Nxf3 Qxb5 41. Kg1 Nf6 42. h3 d5 43. Rd1 Ra8 44. Qc3 Qb6 45. Qc2 Ra5 46. Ne5 Rc5 47. Qa4 Rb5 48. Qf4 Rb1 49. Rxb1 Qxb1+ 50. Kh2 Kg7 51. Nf3 Qe4 52. Qd6 h6 53. Qb6 g5 54. Qb2 h5 55. Kg1 g4 56. hxg4 hxg4 57. Nh4 g3 58. fxg3 d4 59. Nf3 d3 60. Qc3 Qe3+ 61. Kh1 Qh6+ 62. Kg1 Qe3+ 63. Kh1 Qh6+ 64. Kg1 Qg6 65. Ne5 Qxg3 66. Nxd3 1/2-1/2

[Event "XII Cracow ICC-A 2024"]
[Site "Krakow"]
[Date "2024.06.25"]
[Round "5.13"]
[White "Brzezina, Piotr"]
[Black "Gorkiewicz, Mateusz"]
[Result "1/2-1/2"]
[ECO "C80"]
[WhiteElo "2298"]
[BlackElo "2223"]
[Annotator "RC"]
[PlyCount "46"]
[EventDate "2024.06.20"]
[EventType "swiss"]
[EventCountry "POL"]
[SourceTitle "playchess.com"]
[Source "ChessBase"]
[SourceQuality "1"]
[TimeControl "40/5400+30:1800+30"]

1. e4 e5 2. Nf3 Nc6 3. Bb5 a6 4. Ba4 Nf6 5. O-O Nxe4 6. d4 b5 7. Bb3 d5 8. dxe5 Be6 9. Nbd2 Nc5 10. c3 d4 11. Bxe6 Nxe6 12. cxd4 Ncxd4 13. a4 Bb4 14. axb5 Nxb5 15. Qa4 c5 16. Nc4 O-O 17. Be3 Rb8 18. Rfd1 Nbd4 19. Bxd4 cxd4 20. Qxa6 Qd5 21. Nb6 Qc6 22. Nc4 Qd5 23. Nb6 Qc6 1/2-1/2

[Event "XII Cracow ICC-A 2024"]
[Site "Krakow"]
[Date "2024.06.25"]
[Round "5.14"]
[White "Gierulski, Kamil"]
[Black "Zwardon, Vojtech"]
[Result "1-0"]
[ECO "B31"]
[WhiteElo "2242"]
[BlackElo "2458"]
[Annotator "TA"]
[PlyCount "133"]
[EventDate "2024.06.20"]
[EventType "swiss"]
[EventCountry "POL"]
[SourceTitle "playchess.com"]
[Source "ChessBase"]
[SourceQuality "1"]
[TimeControl "40/5400+30:1800+30"]

1. e4 c5 2. Nf3 Nc6 3. Bb5 g6 4. O-O Bg7 5. c3 Nf6 6. Re1 O-O 7. d4 d5 8. e5 Ne4 9. Bxc6 bxc6 10. Be3 Qb6 11. Qc1 cxd4 12. cxd4 a5 13. Nc3 Nxc3 14. Qxc3 Bg4 15. Nd2 Rfb8 16. b3 Bf5 17. h3 h5 18. Nf3 a4 19. Nh4 Bd7 20. Reb1 Qb4 21. Qc2 axb3 22. axb3 Rxa1 23. Rxa1 Be8 24. Nf3 e6 ({Black should try} 24... Qb7 $11) 25. Rb1 (25. g4 $5) 25... Ra8 26. Bg5 (26. g4 $14) 26... Bf8 $11 27. Be3 Ra3 28. Kh2 Qb8 29. Kg1 Qa8 30. Kh2 Bd7 31. g4 hxg4 32. hxg4 Ra2 {[%emt 0:00:30] [#]} (32... c5 $11) 33. Qd1 (33. Qc1 $1 $16) 33... c5 $1 $11 34. Ng5 Bh6 (34... Be7 $11) 35. Qf3 $16 Qf8 {[%emt 0:00:08] [#]} (35... Bxg5 36. Bxg5 f5 37. exf6 $18 (37. dxc5 fxg4 38. Qf6 Qf8 $16)) 36. Rd1 $2 (36. dxc5 $6 d4 37. Bc1 Rc2 $11) (36. Rh1 $1 $16 cxd4 37. Nh7 dxe3 (37... Kxh7 38. Bxh6 Qxh6+ 39. Kg3 $16) 38. Nf6+ (38. Nxf8 Bb5 $17) 38... Kg7 39. Kg3) 36... cxd4 $15 37. Rxd4 Qe7 38. Nh3 Bg7 39. Qg3 Bc6 40. Ng5 Qc7 41. Nf3 ({Better is} 41. Bf4 $1 $15) 41... Bb5 (41... Rb2 $17 42. Rb4 Bf8) 42. Rd2 (42. Rd1 $15) 42... Ra1 (42... Rxd2 $142 43. Bxd2 Be2) 43. Bd4 $17 Rb1 44. Ra2 Qc1 (44... Qd8 $17) 45. Ra8+ $11 Bf8 46. Ng1 Kg7 47. Be3 $1 Qf1 $1 (47... Rxb3 $2 48. Bxc1 Rxg3 49. Kxg3 $18) 48. Bg5 ({Don't blunder} 48. Bh6+ $2 Kxh6 49. Rxf8 Kg7 $19) 48... Rb2 $2 (48... Ra1 $11 49. Rxa1 Qxa1) 49. Nh3 Rb1 50. Qf3 f5 51. exf6+ Kf7 52. Rxf8+ Kxf8 53. f7 $2 (53. Qc3 {mates} Qh1+ 54. Kg3 Rg1+ 55. Kh4 (55. Nxg1 Qxg1+ 56. Kf3 Qh1+ 57. Kf4 Be8 $16) 55... Rxg4+ 56. Kxg4 Qe4+ 57. Nf4 Bd7 58. Qc5+ (58. Qe5 Qf5+ 59. Kh4 Qxe5 60. Nxg6+ Kg8 61. Nxe5 Be8 62. b4 d4) 58... Kg8 59. f7+ Kxf7 60. Qe7+ Kg8 61. Kg3 (61. Qxd7 Qf5+ 62. Kh4 e5 $18) (61. Qd8+ Kf7 62. Qxd7+ Kg8 63. Qe8+ Kg7 64. Kg3 Qf5 65. Nxe6+ Qxe6 66. Qxe6 d4 67. Bf6+ Kf8 68. Qe7+ Kg8 69. Qg7#)) 53... Qh1+ $18 54. Qxh1 Rxh1+ 55. Kxh1 Be2 $2 (55... Kxf7 56. f4 Kg8) 56. Bf6 $18 Kxf7 57. g5 Bd3 58. Kg2 Ke8 59. Kf3 Kd7 60. Ke3 Bc2 61. b4 Kc6 62. Kd4 Kb5 63. Kc3 Bf5 64. Nf4 Ka4 65. Ne2 Bg4 66. Nd4 Bh3 67. b5 1-0

[Event "XII Cracow ICC-A 2024"]
[Site "Krakow"]
[Date "2024.06.25"]
[Round "5.15"]
[White "Fus, Jakub"]
[Black "Rudolf, Michal"]
[Result "1/2-1/2"]
[ECO "B12"]
[WhiteElo "2455"]
[BlackElo "2287"]
[Annotator "RC"]
[PlyCount "55"]
[EventDate "2024.06.20"]
[EventType "swiss"]
[EventCountry "POL"]
[SourceTitle "playchess.com"]
[Source "ChessBase"]
[SourceQuality "1"]
[TimeControl "40/5400+30:1800+30"]

1. e4 c6 2. d4 d5 3. e5 Bf5 4. Nf3 e6 5. Be2 Ne7 6. O-O c5 7. Be3 Nec6 8. c3 Nd7 9. a3 a5 10. a4 Be7 11. Na3 O-O 12. Ne1 cxd4 13. cxd4 f6 14. exf6 Bxf6 15. Nb5 e5 16. dxe5 Ndxe5 17. Bc5 Be7 18. Bxe7 Nxe7 19. Nf3 N5c6 20. Ra3 Qb6 21. Re3 Rad8 22. Nfd4 Nxd4 23. Qxd4 Qxd4 24. Nxd4 Nc6 25. Rd1 Nb4 26. Re7 Bd7 27. b3 Rfe8 28. Rxd7 1/2-1/2

[Event "XII Cracow ICC-A 2024"]
[Site "Krakow"]
[Date "2024.06.25"]
[Round "5.16"]
[White "Damen, Jip"]
[Black "Licznerski, Lukasz"]
[Result "1/2-1/2"]
[ECO "B12"]
[WhiteElo "2259"]
[BlackElo "2434"]
[Annotator "TA"]
[PlyCount "183"]
[EventDate "2024.06.20"]
[EventType "swiss"]
[EventCountry "POL"]
[SourceTitle "playchess.com"]
[Source "ChessBase"]
[SourceQuality "1"]
[TimeControl "40/5400+30:1800+30"]

1. e4 c6 2. d4 d5 3. e5 Bf5 4. Nf3 e6 5. Be2 c5 6. Be3 cxd4 7. Nxd4 Ne7 8. Nd2 Nbc6 9. N2f3 Be4 10. O-O Bxf3 11. Nxf3 Ng6 12. c4 dxc4 13. Bxc4 Qc7 14. Bb5 Be7 $1 15. Qc2 O-O 16. Bxc6 bxc6 17. Rfe1 Rac8 18. Rac1 Nxe5 19. Nxe5 Qxe5 20. Bxa7 (20. h3 $11) 20... Qa5 $15 21. Bd4 Qxa2 22. Qc3 g6 23. Ra1 Qd5 24. Ra7 Rfe8 25. Re5 Qd8 26. Re1 Qd6 27. Bh8 Bf8 {[%emt 0:00:30] Wards off Qg7+} 28. Be5 Qb4 (28... Qd5 {seems wilder.} 29. Qc1 Re7 30. Qf4 Rxa7 31. Qf6 Qxe5 32. Qxe5 Bg7) 29. Qxb4 Bxb4 30. Rc1 Ra8 31. Rb7 Bd2 32. Rd1 Red8 {[%emt 0:00:10][%cal Od2f4] [#] Strongly threatening ...Bf4!} 33. Kf1 Rd5 34. Bf6 (34. f4 $1 $11) 34... Bf4 35. Ke2 Rb8 (35... Bxh2 $2 {is the wrong capture.} 36. Rxd5 cxd5 37. g3 $18) (35... Rxd1 $17 36. Kxd1 Ra5 (36... Bxh2 37. g3 $16)) 36. Rxb8+ $1 $11 Bxb8 {[%emt 0:00:02][%mdl 4096] Endgame. KRB-KRB} 37. Rc1 (37. Ra1 $11 {keeps the balance.} h5 (37... Bxh2 38. Ra8+) 38. Ra8) 37... Be5 $17 (37... Bxh2 $2 38. Rxc6 Bd6 39. Rc8+ Bf8 40. Be7 $18) 38. Bxe5 Rxe5+ {[%emt 0:00:02] KR-KR} 39. Kd3 Rd5+ 40. Ke3 Rd6 41. b4 Kg7 42. Rc5 Kf6 43. g3 g5 (43... Ke7 $17) 44. Rc4 Kg6 45. h4 (45. Rd4 $5 Rd5 $8 46. h4 $11) 45... h6 46. hxg5 hxg5 47. Rc5 ({White should play} 47. Rd4 $1 $11 Rd5 48. Rxd5 exd5 (48... cxd5 $2 {perishes.} 49. b5 $18) 49. g4) 47... f5 $15 48. Ke2 g4 49. Ke3 Kf6 50. Rc4 Ke7 51. Rc5 Kd7 52. b5 cxb5 53. Rxb5 Ke7 54. Rb8 Kf6 55. Rf8+ Ke5 56. Ra8 Rd5 57. Rb8 Ra5 58. Rb3 Rc5 59. Ra3 Rb5 60. Rd3 Rb4 {[%emt 0:00:00] [#] ...Re4+ is the strong threat.} 61. Ra3 Rb1 62. Ra5+ Kf6 63. Ke2 Rb2+ 64. Ke3 Rc2 65. Rb5 Ke7 66. Rb3 Kd6 67. Rd3+ Kc5 68. Ra3 Kd5 69. Rd3+ Ke5 70. Ra3 Rc5 71. Rb3 Kd5 (71... Rc4 $17) 72. Rd3+ $1 $11 Kc4 73. Rd4+ (73. Rd6 $11 {remains equal.}) 73... Kc3 ({Better is} 73... Kb5 $17) 74. Rd3+ {[%emt 0:00:00] The position is equal.} Kc2 75. Rd2+ Kc1 {[%emt 0:00:00] ( -> ...Re5+)} 76. Rd6 $1 Re5+ 77. Kf4 Re2 78. Kg5 Kc2 79. Kf6 Rxf2 80. Rxe6 f4 81. gxf4 Kd3 82. Re8 g3 {[%emt 0:00:00][%cal Og3g2] White must now prevent ...g2!} 83. f5 g2 84. Rg8 Ke4 85. Ke6 Ra2 86. f6 Ra6+ 87. Ke7 Ra7+ 88. Ke6 Ra6+ 89. Ke7 Rxf6 90. Kxf6 Kf3 91. Rxg2 Kxg2 92. Ke5 {Weighted Error Value: White=0.12 (very precise) /Black=0.09 (flawless) .  Mistake:       	White=5     	Black=4      Inaccurate:     	White=2     	Black=4      OK:         	White=35    	Black=32     Best:        	White=2     	Black=6      Strong:       	White=3     	Black=1} 1/2-1/2

[Event "XII Cracow ICC-A 2024"]
[Site "Krakow"]
[Date "2024.06.25"]
[Round "5.17"]
[White "Berin, Artem"]
[Black "Aarav Dengla"]
[Result "1/2-1/2"]
[ECO "D31"]
[WhiteElo "2234"]
[BlackElo "2395"]
[Annotator "RC"]
[PlyCount "73"]
[EventDate "2024.06.20"]
[EventType "swiss"]
[EventCountry "POL"]
[SourceTitle "playchess.com"]
[Source "ChessBase"]
[SourceQuality "1"]
[TimeControl "40/5400+30:1800+30"]

1. d4 d5 2. c4 e6 3. Nc3 Bb4 4. e3 Nf6 5. a3 Bxc3+ 6. bxc3 O-O 7. cxd5 exd5 8. Bd3 b6 9. Ne2 Ba6 10. Bxa6 Nxa6 11. Qd3 Qc8 12. O-O c5 13. f3 Re8 14. Ng3 c4 15. Qb1 Qc6 16. Ra2 Nc7 17. Re2 h5 18. Rfe1 Nb5 19. Qc2 Nd6 20. Nf5 Nxf5 21. Qxf5 Qc8 22. Qg5 Qc6 23. Qh4 b5 24. e4 dxe4 25. fxe4 a5 26. e5 Nd5 27. Qxh5 Re6 28. Re4 Nf6 29. exf6 Rxe4 30. Rf1 gxf6 31. Bg5 Re6 32. Bh4 Qe4 33. h3 Qg6 34. Qd5 Qe4 35. Qh5 Qg6 36. Qd5 Qe4 37. Qh5 1/2-1/2

[Event "XII Cracow ICC-A 2024"]
[Site "Krakow"]
[Date "2024.06.25"]
[Round "5.18"]
[White "Apoorv Kamble"]
[Black "Lohia, Sohum"]
[Result "0-1"]
[ECO "C54"]
[WhiteElo "2369"]
[BlackElo "2270"]
[Annotator "RC"]
[PlyCount "104"]
[EventDate "2024.06.20"]
[EventType "swiss"]
[EventCountry "POL"]
[SourceTitle "playchess.com"]
[Source "ChessBase"]
[SourceQuality "1"]
[TimeControl "40/5400+30:1800+30"]

1. e4 e5 2. Nf3 Nc6 3. Bc4 Nf6 4. d3 Bc5 5. c3 a5 6. Nbd2 d6 7. h3 O-O 8. O-O h6 9. Re1 Be6 10. a4 Bxc4 11. Nxc4 Re8 12. Be3 b6 13. Bxc5 bxc5 14. Qd2 Qd7 15. Nh4 Nh5 16. Nf5 Ne7 17. Nce3 Nf4 18. Kh2 Nxf5 19. Nxf5 g6 20. Ne3 Kg7 21. d4 Qe6 22. dxc5 dxc5 23. Rad1 Rad8 24. Qxd8 Rxd8 25. Rxd8 Qb3 26. Rd2 c4 27. Ra1 Nd3 28. Ra3 Qb7 29. f3 Qa6 30. b3 cxb3 31. Rxb3 c6 32. Rb1 h5 33. Rbd1 Nc5 34. Rd6 Qe2 35. Nf1 Nxa4 36. R6d2 Qb5 37. Rc2 Nc5 38. Ne3 a4 39. Rdd2 a3 40. Nd1 Nb3 41. c4 Qa4 42. Rf2 Nd4 43. Rc1 a2 44. Ra1 Nc2 45. Nc3 Qb3 46. Rxa2 Nb4 47. Ra7 Qxc3 48. Rb7 Nd3 49. Ra2 Qxc4 50. Raa7 h4 51. Rd7 Nf4 52. Rac7 Qa2 0-1

[Event "XII Cracow ICC-A 2024"]
[Site "Krakow"]
[Date "2024.06.25"]
[Round "5.19"]
[White "Citak, Selim"]
[Black "Klepek, Witold"]
[Result "1-0"]
[ECO "B40"]
[WhiteElo "2345"]
[BlackElo "2236"]
[Annotator "RC"]
[PlyCount "119"]
[EventDate "2024.06.20"]
[EventType "swiss"]
[EventCountry "POL"]
[SourceTitle "playchess.com"]
[Source "ChessBase"]
[SourceQuality "1"]
[TimeControl "40/5400+30:1800+30"]

1. e4 c5 2. Nf3 e6 3. d4 cxd4 4. Nxd4 Nf6 5. Nc3 Nc6 6. Ndb5 Bb4 7. a3 Bxc3+ 8. Nxc3 d5 9. exd5 exd5 10. Bd3 O-O 11. O-O d4 12. Ne2 Qd5 13. Nf4 Qd6 14. Nh5 Nxh5 15. Qxh5 h6 16. Re1 Bd7 17. Bd2 Rfe8 18. h3 Rac8 19. f4 Ne7 20. Re4 Bc6 21. Bb4 Qf6 22. Bxe7 Rxe7 23. Rxe7 Qxe7 24. Qf5 Qe6 25. Qh7+ Kf8 26. Qh8+ Ke7 27. Qxg7 Qe3+ 28. Kh2 Qxf4+ 29. Kh1 Qe3 30. Qg4 Re8 31. Bc4 Qe4 32. Qg3 Kf8 33. Rf1 Re7 34. Rf4 Qe3 35. Qh4 Qe1+ 36. Qxe1 Rxe1+ 37. Kh2 Rb1 38. b3 b5 39. Bxf7 Kg7 40. Bh5 Rb2 41. Rg4+ Kf8 42. Bg6 Ra2 43. Rxd4 Rxa3 44. Rd6 Bb7 45. Bd3 Ra6 46. Rxa6 Bxa6 47. b4 Ke7 48. g4 Kf6 49. Kg3 Ke5 50. c3 Kf6 51. Kf4 Ke6 52. h4 Kf6 53. Bf1 Ke6 54. Be2 Kf6 55. Bd3 Ke6 56. g5 hxg5+ 57. hxg5 Kf7 58. Ke5 Kg7 59. Kd6 Bb7 60. Kc5 1-0

[Event "XII Cracow ICC-A 2024"]
[Site "Krakow"]
[Date "2024.06.25"]
[Round "5.20"]
[White "Nandhidhaa, P V"]
[Black "Panjer, Sidney"]
[Result "1/2-1/2"]
[ECO "A14"]
[WhiteElo "2344"]
[BlackElo "2185"]
[Annotator "RC"]
[PlyCount "55"]
[EventDate "2024.06.20"]
[EventType "swiss"]
[EventCountry "POL"]
[SourceTitle "playchess.com"]
[Source "ChessBase"]
[SourceQuality "1"]
[TimeControl "40/5400+30:1800+30"]

1. Nf3 d5 2. g3 Nf6 3. Bg2 e6 4. O-O Be7 5. c4 O-O 6. b3 b6 7. Bb2 Bb7 8. e3 c5 9. Qe2 Nc6 10. Rd1 Rc8 11. Na3 Rc7 12. cxd5 Nxd5 13. e4 Ndb4 14. d4 cxd4 15. Nxd4 Nxd4 16. Bxd4 Rd7 17. Bc3 Nd3 18. Nc4 Bc5 19. Ne3 Ba6 20. Qg4 g6 21. Qf3 Bd4 22. Bxd4 Rxd4 23. Bf1 f5 24. exf5 Ne5 25. Qg2 Bxf1 26. Rxd4 Bxg2 27. Rxd8 Rxd8 28. Nf1 1/2-1/2

[Event "XII Cracow ICC-A 2024"]
[Site "Krakow"]
[Date "2024.06.25"]
[Round "5.21"]
[White "Turski, Bartlomiej"]
[Black "Southcott-Moyers, Indy"]
[Result "1-0"]
[ECO "D35"]
[WhiteElo "2334"]
[BlackElo "2182"]
[Annotator "ChessBase"]
[PlyCount "133"]
[EventDate "2024.06.20"]
[EventType "swiss"]
[EventCountry "POL"]
[SourceTitle "playchess.com"]
[Source "ChessBase"]
[SourceQuality "1"]
[TimeControl "40/5400+30:1800+30"]

1. d4 d5 2. c4 e6 3. Nc3 Nf6 4. cxd5 exd5 5. Bg5 c6 6. e3 h6 7. Bh4 Be7 8. Bd3 O-O 9. h3 Ne4 10. Bxe7 Qxe7 11. Bxe4 dxe4 12. Qc2 Re8 13. Nge2 Nd7 14. O-O Nf6 15. Rfd1 Bf5 16. Rac1 Rac8 17. Ng3 Bg6 18. Qb3 Red8 19. Rd2 c5 20. Qa3 Kf8 21. Qxa7 Ra8 22. Qb6 Ra6 23. Qb5 cxd4 24. Rxd4 Rxd4 25. exd4 Kg8 26. Re1 Re6 27. Re3 Qc7 28. Qc5 Qd7 29. Nge2 Rd6 30. Qe5 Kh7 31. a4 Rb6 32. Nb5 Nd5 33. Rg3 Re6 34. Qb8 Qc6 35. Nec3 e3 36. fxe3 Nxe3 37. Qf4 Nf5 38. Rf3 Qd7 39. Kh2 Nd6 40. d5 Rf6 41. Qg4 Qe7 42. Rxf6 Qxf6 43. Nxd6 Qxd6+ 44. Qg3 Qb4 45. Qc7 Qd4 46. a5 h5 47. Qg3 h4 48. Qe1 f6 49. Qd1 Qe5+ 50. Kh1 Bf5 51. Qh5+ Kg8 52. Qxh4 Qe3 53. Kh2 Qd2 54. Qb4 Qe3 55. Qh4 Qd2 56. Qc4 Qxb2 57. d6+ Kh8 58. Qh4+ Kg8 59. Qc4+ Kh8 60. Qd5 Qf2 61. Ne4 Qf4+ 62. Ng3 Bd7 63. Qxb7 Qxd6 64. a6 Bc6 65. Qc8+ Kh7 66. a7 Bxg2 67. Qc2+ 1-0

[Event "XII Cracow ICC-A 2024"]
[Site "Krakow"]
[Date "2024.06.25"]
[Round "5.22"]
[White "Jake Shanty"]
[Black "Suder, Jakub"]
[Result "1/2-1/2"]
[ECO "A05"]
[WhiteElo "2217"]
[BlackElo "2328"]
[Annotator "RC"]
[PlyCount "97"]
[EventDate "2024.06.20"]
[EventType "swiss"]
[EventCountry "POL"]
[SourceTitle "playchess.com"]
[Source "ChessBase"]
[SourceQuality "1"]
[TimeControl "40/5400+30:1800+30"]

1. Nf3 d5 2. g3 Nf6 3. Bg2 Bf5 4. O-O e6 5. d4 h6 6. c4 c6 7. Nc3 Nbd7 8. b3 Bb4 9. Bd2 Be7 10. c5 Ne4 11. b4 O-O 12. e3 Bf6 13. Qb3 Nxd2 14. Nxd2 e5 15. dxe5 Bxe5 16. e4 dxe4 17. Ndxe4 Be6 18. Qc2 a5 19. a3 f5 20. Nd2 axb4 21. axb4 Qf6 22. Rac1 Kh8 23. Nf3 Bc7 24. Ra1 Rxa1 25. Rxa1 f4 26. Re1 Ne5 27. Ne4 Nxf3+ 28. Bxf3 Qg6 29. Qe2 fxg3 30. hxg3 Bd5 31. Bh5 Qf5 32. Bg4 Qf7 33. Nd6 Qf6 34. Ne8 Qd8 35. Nxc7 Qxc7 36. Qe7 Qb8 37. Bh5 Kg8 38. Bg6 Qc8 39. f4 Rxf4 40. Qe8+ Rf8 41. Qxc8 Rxc8 42. Re7 Rb8 43. Kf2 Kf8 44. Rd7 b6 45. b5 bxc5 46. bxc6 Bxc6 47. Rf7+ Kg8 48. Rc7 Bb7 49. Rxc5 1/2-1/2

[Event "XII Cracow ICC-A 2024"]
[Site "Krakow"]
[Date "2024.06.25"]
[Round "5.23"]
[White "Meessen, Rudolf"]
[Black "Czernek, Tymon"]
[Result "0-1"]
[ECO "D01"]
[WhiteElo "2182"]
[BlackElo "2316"]
[Annotator "RC"]
[PlyCount "100"]
[EventDate "2024.06.20"]
[EventType "swiss"]
[EventCountry "POL"]
[SourceTitle "playchess.com"]
[Source "ChessBase"]
[SourceQuality "1"]
[TimeControl "40/5400+30:1800+30"]

1. d4 Nf6 2. Nc3 d5 3. Bf4 e6 4. Nb5 Na6 5. e3 Be7 6. Nf3 O-O 7. h4 c6 8. Nc3 Qa5 9. Be2 Ne4 10. O-O Nxc3 11. bxc3 Qxc3 12. h5 Qa5 13. h6 g6 14. c4 Nc7 15. c5 Ne8 16. Bd3 Qd8 17. a4 b6 18. Ne5 Bd7 19. Qc2 bxc5 20. Ba6 f6 21. Nxg6 hxg6 22. Qxg6+ Kh8 23. h7 Nd6 24. Bh6 Nf5 25. Bxf8 Qxf8 26. dxc5 Bxc5 27. Rfc1 Bb4 28. Bb7 Rd8 29. Qg8+ Qxg8 30. hxg8=Q+ Kxg8 31. Bxc6 a5 32. e4 Nd4 33. Bxd7 Rxd7 34. Rc8+ Kf7 35. exd5 exd5 36. Rh8 Kg7 37. Rh4 Ne2+ 38. Kf1 Nc3 39. g4 d4 40. Kg2 Bf8 41. Rah1 Kf7 42. f4 d3 43. Rh7+ Bg7 44. R7h3 Nxa4 45. Rd1 Nb2 46. Rd2 f5 47. g5 a4 48. Rg3 Bc3 49. g6+ Kg7 50. Rh3 Rd6 0-1

[Event "XII Cracow ICC-A 2024"]
[Site "Krakow"]
[Date "2024.06.25"]
[Round "5.24"]
[White "Backiel, Hubert"]
[Black "Mikrut, Dariusz"]
[Result "1-0"]
[ECO "C95"]
[WhiteElo "2200"]
[BlackElo "2309"]
[Annotator "RC"]
[PlyCount "89"]
[EventDate "2024.06.20"]
[EventType "swiss"]
[EventCountry "POL"]
[SourceTitle "playchess.com"]
[Source "ChessBase"]
[SourceQuality "1"]
[TimeControl "40/5400+30:1800+30"]

1. e4 e5 2. Nf3 Nc6 3. Bb5 a6 4. Ba4 Nf6 5. O-O Be7 6. Re1 b5 7. Bb3 d6 8. c3 O-O 9. h3 Nb8 10. d4 Nbd7 11. Nbd2 Bb7 12. Bc2 Re8 13. Nf1 Bf8 14. Ng3 g6 15. a4 Bg7 16. Bd3 c6 17. Bg5 h6 18. Be3 Qc7 19. Qd2 Kh7 20. dxe5 dxe5 21. c4 bxa4 22. c5 Nf8 23. Rxa4 Ne6 24. Rea1 Nd7 25. Qc3 Qc8 26. Qa3 Nc7 27. Bc4 Re7 28. Qb3 Ne6 29. Ra5 Ndf8 30. Qa2 Nd7 31. b4 Rb8 32. Rd1 Ndf8 33. Rb1 Nd7 34. Rd1 Ndf8 35. Rb1 Nd7 36. Ra1 Ndf8 37. Bd2 Rd7 38. Bc3 Qc7 39. Bxa6 Bxa6 40. Rxa6 Nf4 41. Ra7 Rb7 42. Rxb7 Qxb7 43. Bxe5 Bxe5 44. Nxe5 Re7 45. Qa8 1-0